 Dungeon Crawl Stone Soup version 0.31-a0-1540-g5a0b83f448 (webtiles) character file.

Game seed: 14269301000248092599

829 grandjackal the Ducker (level 7, -2/55 HPs)
             Began as a Demonspawn Gladiator on Jan 1, 2024.
             Slain by a water moccasin (5 damage)
             ... on level 5 of the Dungeon.
             The game lasted 00:05:43 (4795 turns).

grandjackal the Ducker (Demonspawn Gladiator)       Turns: 4795, Time: 00:05:44

Health: -2/55      AC:  8    Str: 16    XL:     7   Next: 65%
Magic:  7/7        EV: 12    Int: 10    God:
Gold:   297        SH:  0    Dex: 15    Spells: 5/6 levels left

rFire   . . .        C - +3 war axe (freeze)
rCold   . . .        (no shield)
rNeg    . . .        m - +0 ring mail
rPois   +            c - +0 helmet
rElec   .            (no cloak)
rCorr   .            l - +0 pair of gloves
SInv    .            o - +0 pair of boots
Will    +....        b - amulet of the acrobat
Stlth   +            x - ring of willpower
HPRegen 0.29/turn    r - ring of poison resistance
MPRegen 0.10/turn

%: acrobat
@: brilliant
A: powered by death 1, big brain 1, mutation resistance 1
a: no special abilities


You were on level 5 of the Dungeon.
You visited 2 branches of the dungeon, and saw 7 of its levels.

You collected 297 gold pieces.

Inventory:

Hand Weapons
 C - a +3 war axe of freezing (weapon)
Missiles
 d - 3 throwing nets (quivered)
 e - a javelin
Armour
 c - a +0 helmet (worn)
 l - a +0 pair of gloves (worn)
 m - a +0 ring mail (worn)
 o - a +0 pair of boots (worn)
 A - a +0 kite shield
Jewellery
 b - an amulet of the acrobat (around neck)
 j - a ring of flight
 r - a ring of poison resistance (right hand)
 w - an amulet of reflection
 x - a ring of willpower (left hand)
Scrolls
 f - a scroll of vulnerability {unknown}
 g - a scroll of torment {unknown}
 h - 4 scrolls of identify {unknown}
 i - a scroll of enchant armour {unknown}
 p - a scroll of blinking {unknown}
 q - a scroll of immolation {unknown}
 s - 2 scrolls of teleportation {unknown}
 t - a scroll of enchant weapon {unknown}
 v - a scroll of poison {unknown}
 y - a scroll of amnesia {unknown}
 B - 2 scrolls of noise {unknown}
Potions
 n - 2 potions of curing
 u - a potion of haste {unknown}


   Skills:
 + Level 4.7 Fighting
 + Level 4.7 Axes
 - Level 2.0 Throwing
 + Level 4.7 Dodging
 + Level 3.8 Hexes


You had 5 spell levels left.
You knew the following spells:

 Your Spells              Type           Power      Damage    Failure   Level
a - Slow                  Hex            44%        N/A       16%         1

Your spell library contained the following spells:

 Spells                   Type           Power      Damage    Failure   Level
 Confusing Touch          Hex            11%        N/A       41%         3
 Sigil of Binding         Hex            11%        N/A       41%         3
 Sandblast                Erth           0%         2d4       58%         1
 Gell's Gravitas          Tloc           0%         N/A       91%         3
 Passwall                 Erth           0%         N/A       91%         3
 Stone Arrow              Conj/Erth      0%         3d7       91%         3
 Teleport Other           Tloc           0%         N/A       91%         3
 Vampiric Draining        Necr           0%         2d6       91%         3
 Brom's Barrelling Bould  Conj/Erth      0%         2d3       100%        4
 Dispersal                Tloc           0%         N/A       100%        6


Dungeon Overview and Level Annotations

Branches:
Dungeon (6/15)             Temple (1/1) D:4

Altars:
Ashenzari
Cheibriados
Dithmenos
Hepliaklqana
Nemelex Xobeh
Okawaru
Qazlal
Ru
Sif Muna
Trog
Vehumet

Shops:
D:6 ?

Annotations:
D:5 Grinder


Innate Abilities, Weirdness & Mutations

You regenerate a little health from kills.
You have an unusually large brain. (Int +2)
You are somewhat resistant to further mutation.


Message History

The hound bites you but does no damage. Grinder hits you.
* * * LOW HITPOINT WARNING * * *
The hound bites you but does no damage. x2; Grinder hits you.
* * * LOW HITPOINT WARNING * * *
You writhe in agony.
* * * LOW HITPOINT WARNING * * *
The hound bites you but does no damage. Grinder hits you.
* * * LOW HITPOINT WARNING * * *
You can move again.
Unknown command.
Unknown command.
Unknown command.
The hound attacks as it pursues you! The hound closely misses you. x2
Grinder blinks!
The water moccasin closely misses you. The hound attacks as it pursues you!
The hound bites you but does no damage. The hound bites you.
* * * LOW HITPOINT WARNING * * *
Grinder blinks!
Grinder attacks as she pursues you! Grinder closely misses you.
The hound completely misses you. The hound misses you.
The water moccasin completely misses you.
The hound attacks as it pursues you! The hound completely misses you.
Grinder blinks!
There is a stone staircase leading up here.
The water moccasin barely misses you. The hound bites you but does no damage.
A sky beast appears from thin air!
Reactivating autopickup.
The water moccasin bites you but does no damage.
Grinder gestures at you. You resist with some effort.
The hound barely misses you.
You climb upwards.
There is a stone staircase leading down here.
It was a potion of mutation.
You feel extremely strange.
You feel genetically stable. The water moccasin closely misses you.
The hound bites you but does no damage. Grinder misses you.
It was a potion of brilliance.
You feel clever all of a sudden. The water moccasin bites you.
You die...

####### #.# ##.....## #.#
#..###..# #.# ######.##.##.###
##########.# #......#...#...##
#..........#
#....####)####..####.########.##
#.#.##..#'#..##......# ##......#
#.#.#._.'.'...#.hS...# #....##.#
#.#.##.##.##.##.@....# #...PP..#
.....###.#.###..5....# #...§≈..#
####.....#......####.# #..P≈§§##
# ##...###.....#..#.# #..P.§§# ##
#...........#..#.###....###
.####......#####...#.#......#
...##......+......##.#.#....#
.PP##......####..<##.#.#....#####
..................##.#..........#


You could see Grinder, a water moccasin and a hound.

Vanquished Creatures
  Sigmund (D:2)
  A water moccasin (D:6)
  A black bear (D:5)
  An ogre (D:5)
  2 bombardier beetles
  2 hounds
  2 jellies
  An iguana (D:6)
  4 gnolls
  An adder (D:4)
  2 shadow imps (D:5)
  4 white imps
  2 ufetubi (D:5)
  A dart slug (D:3)
  3 orcs
  2 ball pythons
  9 endoplasms
  8 goblins
  4 hobgoblins
  4 quokkas
  4 bats
  2 frilled lizards (D:1)
  A goblin skeleton (D:6)
  3 goblin zombies (D:6)
  7 kobolds
  A kobold skeleton (D:6)
  An orc zombie (D:6)
  6 rats
80 creatures vanquished.

Notes
Turn   | Place    | Note
-------+----------+-------------------------------------------
     0 | D:1      | grandjackal the Demonspawn Gladiator began the quest for
                  | the Orb.
     0 | D:1      | Reached XP level 1. HP: 16/16 MP: 1/1
   193 | D:1      | Gained mutation: You have an unusually large brain. (Int
                  | +2) [demonic ancestry]
   193 | D:1      | Reached XP level 2. HP: 16/22 MP: 2/2
   320 | D:1      | Learned a level 1 spell: Slow
   364 | D:1      | Found a faded altar of an unknown god.
   707 | D:2      | Noticed Sigmund
   737 | D:2      | Killed Sigmund
   738 | D:2      | Gained mutation: You regenerate a little health from kills.
                  | [demonic ancestry]
   738 | D:2      | Reached XP level 3. HP: 4/29 MP: 3/3
   738 | D:2      | Reached XP level 4. HP: 4/35 MP: 4/4
   738 | D:2      | Reached XP level 5. HP: 5/41 MP: 5/5
  1889 | D:3      | Found a sacrificial altar of Ru.
  2182 | D:4      | You are sucked into a shaft and drop 2 floors!
  2240 | D:5      | Entered Level 5 of the Dungeon
  2397 | D:4      | Found a staircase to the Ecumenical Temple.
  2431 | Temple   | Entered the Ecumenical Temple
  2502 | D:4      | Reached XP level 6. HP: 43/47 MP: 6/6
  3471 | D:5      | HP: 1/48 [black bear (2)]
  3556 | D:5      | Reached XP level 7. HP: 23/54 MP: 7/7
  4459 | D:5      | Found a sparkling altar of Nemelex Xobeh.
  4669 | D:6      | Found Ryeg's Magic Scroll Boutique.
  4770 | D:6      | Noticed Grinder
  4781 | D:6      | Paralysed by Grinder for 5 turns
  4788 | D:6      | HP: 1/55 [hound (3)]
  4794 | D:5      | Gained mutation: You are somewhat resistant to further
                  | mutation. [potion of mutation]
  4795 | D:5      | Slain by a water moccasin

Illustrated notes

Levels and vault maps discovered:
D:1:      heliophobic_arrival_dark_side_of_the_moon, layout_rooms,
          ebering_ecumenical_altar_mist
D:2:      layout_basic, feat_on_display, uniq_sigmund
D:3:      layout_loops_cross, overflow_temple_1_default
D:4:      layout_loops_ring, minmay_temple_entry_junction, kennysheep_dice
D:5:      layout_basic, nemelex_dance_club_becter, serial_demonic,
          serial_demonic_e, serial_demonic_b, serial_demonic_e,
          serial_demonic_g, serial_demonic_b, serial_demonic_g, serial_demonic_f
D:6:      layout_basic, mainiacjoe_overflow_catwalk,
          nicolae_tso_besieged_by_evil, serial_shops, shop_scrolls, uniq_grinder
Temple:   chequers_temple_sunken

Skill      XL: |  1  2  3  4  5  6 |
---------------+-------------------+-----
Throwing       | 2 |  2.0
Fighting       | 3 4 |  4.7
Axes           | 3 4 |  4.7
Dodging        | 3 4 |  4.7
Hexes          | 2 3 |  3.8

Action                     |  1- 3 |  4- 6 |  7- 9 || total
---------------------------+-------+-------+-------++-------
  Melee: War axe           |    62 |   156 |    56 ||   274
         Punch             |       |     3 |       ||     3
  Throw: Throwing net      |       |     2 |       ||     2
   Cast: Slow              |       |     3 |     4 ||     7
    Use: Potion            |     2 |       |     2 ||     4
   Stab: Held in net/web   |       |     1 |       ||     1
 Armour: Leather armour    |    27 |       |       ||    27
         Ring mail         |    15 |   106 |    63 ||   184
  Dodge: Dodged            |    33 |   131 |    68 ||   232

Table legend: (Time is in decaauts)
 A = Elapsed time spent in this place.
 B = Non-inter-level travel time spent in this place.
 C = Inter-level travel time spent in this place.
 D = Time resting spent in this place.
 E = Time spent auto-exploring this place.
 F = Levels seen in this place.
 G = Mean time per level.
                   A        B        C        D        E       F      G
               +--------+--------+--------+--------+--------+-----+--------+
         Total |   4880 |   4699 |    181 |    788 |   3046 |   7 |  697.1 |
       Dungeon |   4773 |   4607 |    166 |    747 |   3046 |   6 |  795.5 |
        Temple |    107 |     92 |     15 |     41 |      0 |   1 |  107.0 |
               +--------+--------+--------+--------+--------+-----+--------+

Top non-repeatable levels by time:
     D:5: 1476 daAuts
     D:2: 1014 daAuts
     D:4: 780 daAuts
     D:1: 641 daAuts
     D:3: 551 daAuts
     D:6: 309 daAuts
  Temple: 107 daAuts
